 Dungeon Crawl Stone Soup version 0.23.1-37-gaa34b87b72 (webtiles) character file.

Game seed: 11425054007705328738

6294 Gunterle the Destroyer (level 10, 0/58 HPs)
             Began as a Tengu Conjurer on Mar 26, 2019.
             Was an Elder of Kikubaaqudgha.
             Killed by vampiric draining
             ... invoked by a vampire
              (13 damage)
             ... on level 9 of the Dungeon.
             The game lasted 01:02:35 (14167 turns).

Gunterle the Destroyer (Tengu Conjurer)            Turns: 14167, Time: 01:02:41

Health: 0/58       AC:  5    Str:  9    XL:     10   Next: 94%
Magic:  6/21       EV: 21    Int: 18    God:    Kikubaaqudgha [****..]
Gold:   563        SH:  0    Dex: 15    Spells: 5/22 levels left

rFire    . . .     SeeInvis .   A - +2 flail (drain)
rCold    . . .     Gourm    .   (no shield)
rNeg     . . .     Faith    .   e - +2 robe {MR+}
rPois    .         Spirit   .   C - +1 hat
rElec    .         Reflect  .   (no cloak)
rCorr    .         Harm     .   (no gloves)
MR       +....                  (boots unavailable)
Stlth    +++.......             (no amulet)
HPRegen  0.19/turn              l - ring of stealth
MPRegen  0.17/turn              E - +3 ring of evasion

@: flying quickly and evasively, quick
A: beak, talons 3, able to fly
a: Stop Flying, Receive Corpses, Renounce Religion


You were on level 9 of the Dungeon.
You worshipped Kikubaaqudgha.
Kikubaaqudgha was greatly pleased with you.
You were hungry.

You visited 2 branches of the dungeon, and saw 10 of its levels.

You collected 563 gold pieces.

Inventory:

Hand Weapons
 k - a +0 hunting sling
 p - a +1 spear of venom
 w - a +0 spear of piercing
 A - a +2 flail of draining (weapon)
 M - a +1 vampiric trident
Missiles
 h - 350 stones
 t - 5 poisoned tomahawks (quivered)
 u - 5 tomahawks
Armour
 e - a +2 robe of magic resistance (worn)
 C - a +1 hat (worn)
Jewellery
 l - a ring of stealth (left hand)
 q - an uncursed ring of ice
 v - an uncursed ring of positive energy
 y - an uncursed ring of protection from cold
 E - a +3 ring of evasion (right hand)
Wands
 b - a wand of polymorph (5)
 d - a wand of iceblast (8)
 I - a wand of disintegration (13)
 J - a wand of acid (4)
 P - a wand of flame (18)
Scrolls
 a - 5 scrolls of remove curse
 f - a scroll of magic mapping
 n - a scroll of blinking {unknown}
 o - 2 scrolls of immolation
 r - a scroll of fear {unknown}
 x - 4 scrolls of teleportation
 B - a scroll of enchant weapon {unknown}
 D - 2 scrolls of enchant armour
 F - a scroll of vulnerability {unknown}
 H - a scroll of noise {unknown}
 L - a scroll of acquirement {unknown}
 N - a scroll of amnesia
Potions
 g - 2 potions of agility {unknown}
 i - 5 potions of curing
 j - 3 potions of brilliance
 m - 4 potions of degeneration {unknown}
 s - a potion of cancellation {unknown}
 z - 2 potions of flight {unknown}
 G - 3 potions of haste
 K - 2 potions of berserk rage {unknown}
 O - a potion of heal wounds {unknown}
Comestibles
 c - 21 rations
 Q - a chunk of flesh


   Skills:
 + Level 4.6 Fighting
 + Level 4.1 Maces & Flails
 + Level 5.6 Dodging
 - Level 2.0 Stealth
 * Level 6.8 Spellcasting
 * Level 11.2 Conjurations
 * Level 7.0 Necromancy
 - Level 4.3 Translocations
 + Level 3.9 Evocations


You had 5 spell levels left.
You knew the following spells:

 Your Spells              Type           Power        Failure   Level  Hunger
a - Magic Dart            Conj           ####         1%          1    None
b - Searing Ray           Conj           #####.       1%          2    None
c - Iskenderun's Mystic   Conj           #####...     1%          4    ####...
d - Force Lance           Conj/Tloc      ####....     4%          4    ####...
e - Animate Skeleton      Necr           N/A          1%          1    None
f - Bolt of Draining      Conj/Necr      #####.....   7%          5    #####..

Your spell library contained the following spells:

 Spells                   Type           Power        Failure   Level  Hunger
 Apportation              Tloc           ###...       1%          1    None
 Pain                     Necr           ####         1%          1    None
 Sublimation of Blood     Necr           ####......   1%          2    None
 Vampiric Draining        Necr           ####......   1%          3    ##.....
 Dazzling Spray           Conj/Hex       ####..       3%          3    ##.....
 Lesser Beckoning         Tloc           ###.......   5%          3    ##.....
 Summon Butterflies       Summ           #.......     11%         1    None
 Fulminant Prism          Conj/Hex       ####......   11%         4    ####...
 Agony                    Necr           ####....     17%         5    #####..
 Dispel Undead            Necr           ####....     17%         5    #####..
 Tukima's Dance           Hex            #.......     32%         3    ##.....
 Excruciating Wounds      Chrm/Necr      ###.......   58%         5    #####..
 Alistair's Intoxication  Tmut/Pois      #.......     97%         5    #####..
 Simulacrum               Ice/Necr       ###.......   99%         6    #######
 Invisibility             Hex            #.......     100%        6    #######


Dungeon Overview and Level Annotations

Branches:
Dungeon (9/15)             Temple (1/1) D:6            Lair (0/6) D:8
    Orc (0/2) D:9

Altars:
Ashenzari
Cheibriados
Dithmenos
Elyvilon
Fedhas
Gozag
Hepliaklqana
Kikubaaqudgha
Makhleb
Nemelex Xobeh
Okawaru
Qazlal
Ru
Sif Muna
Trog
Uskayaw
Vehumet
Wu Jian
Xom
Yredelemnul
Zin
The Shining One

Annotations:
D:3 Sigmund


Innate Abilities, Weirdness & Mutations

You have a beak for a mouth.
You have claws for feet.
You can fly continuously.


Message History

Okay, then.
Casting: Searing Ray (safe; 1% risk of failure)
Confirm with . or Enter, or press ? or * to list all spells.
Aiming: Iskenderun's Mystic Blast (safe; 1% risk of failure)
Press: ? - help, Shift-Dir - straight line, f - vampire
Aim: a vampire (severely damaged)
Okay, then.
Casting: Iskenderun's Mystic Blast (safe; 1% risk of failure)
Confirm with . or Enter, or press ? or * to list all spells.
Aiming: Searing Ray (safe; 1% risk of failure)
Press: ? - help, Shift-Dir - straight line, f - vampire
Aim: a vampire (severely damaged)
The searing ray hits the vampire.
The vampire is almost destroyed. (Press . to maintain the ray.)
The bullfrog croaks.
You hear a loud, deep croak!
A cyclops comes into view.
The vampire is infused with unholy energy.
You die...
Kikubaaqudgha rasps: "You have failed me!
Welcome... death!"

#..####...###.#####..............
#..# ###...### ##..............
#..# ###...####...............
#..# ###...##.#######.###### #..#
###.....# #.# #..# ###...# #.#
#..# ###...####.# #..#
##.###......# #..# #@#.####....#
#..# #V#.##.###..###### #..#
#)#.#.#.)......... ...#
#.#.#.####........ #..#
#F#..###.......... #..#
#.####............ #..#
#..C###......#....... )..#
V....###......###....... #..#
...###......#####.......


You could see a cyclops, a vampire and a bullfrog.

Vanquished Creatures
  A hippogriff (D:7)
  4 yaks
  3 porcupines (D:8)
  6 orc warriors
  A hornet zombie (D:9)
  A black bear (D:8)
  2 ice beasts (D:7)
  6 ogres
  2 sky beasts (D:7)
  A necrophage (D:9)
  4 centaurs
  2 big kobolds (D:9)
  7 bullfrogs
  A wyvern skeleton (D:7)
  8 killer bees
  8 scorpions
  3 howler monkeys (D:8)
  8 crimson imps
  2 jellies
  A quasit (D:7)
  2 centaur skeletons
  5 hounds
  6 orc priests
  A bullfrog skeleton (D:7)
  Jessica (D:3)
  Terence (D:3)
  2 iguanas
  3 orc wizards
  11 worker ants
  A hound zombie (D:8)
  3 hound skeletons
  14 gnolls
  13 adders
  A shadow imp (D:7)
  An ooze (D:2)
  An adder zombie (D:9)
  3 adder skeletons
  3 worms
  4 dart slugs
  4 leopard geckos
  40 orcs
  A giant cockroach (D:5)
  7 goblins
  10 hobgoblins
  15 jackals
  12 kobolds
  5 quokkas
  6 bats
  6 frilled lizards
  A giant cockroach zombie (D:5)
  A jackal zombie (D:5)
  A leopard gecko zombie (D:5)
  A quokka zombie (D:6)
  5 rats
262 creatures vanquished.

Vanquished Creatures (others)
  4 fungi (D:8)
  A plant (D:8)
5 creatures vanquished.

Grand Total: 267 creatures vanquished

Notes
Turn   | Place    | Note
-------+----------+-------------------------------------------
     0 | D:1      | Gunterle the Tengu Conjurer began the quest for the Orb.
     0 | D:1      | Reached XP level 1. HP: 10/10 MP: 4/4
   266 | D:1      | Reached XP level 2. HP: 15/15 MP: 1/6
   270 | D:1      | Learned a level 2 spell: Searing Ray
   517 | D:1      | You fall through a shaft!
   554 | D:1      | Reached skill level 6 in Conjurations
   761 | D:1      | Reached XP level 3. HP: 19/19 MP: 4/7
  1690 | D:2      | Reached skill level 7 in Conjurations
  1690 | D:2      | Reached XP level 4. HP: 24/24 MP: 3/9
  1926 | D:2      | Found an opulent altar of Gozag.
  2057 | D:2      | Gained mutation: You can fly continuously. [Tengu growth]
  2057 | D:2      | Reached XP level 5. HP: 28/28 MP: 2/10
  2515 | D:2      | Learned a level 4 spell: Iskenderun's Mystic Blast
  2541 | D:3      | Noticed Terence
  2923 | D:3      | Reached skill level 8 in Conjurations
  3132 | D:3      | Reached XP level 6. HP: 30/32 MP: 7/12
  3303 | D:3      | Learned a level 4 spell: Force Lance
  3587 | D:3      | Noticed Jessica
  3597 | D:3      | Killed Jessica
  3897 | D:3      | Killed Terence
  4417 | D:3      | Noticed Sigmund
  4441 | D:4      | Reached skill level 1 in Fighting
  4441 | D:4      | Reached skill level 1 in Translocations
  4562 | D:4      | Reached XP level 7. HP: 38/38 MP: 2/14
  4704 | D:4      | Found a stormy altar of Qazlal.
  4705 | D:4      | Found a burning altar of Makhleb.
  5010 | D:4      | Found a shattered altar of Ashenzari.
  5015 | D:4      | Found an ancient bone altar of Kikubaaqudgha.
  5018 | D:4      | Found a blossoming altar of Fedhas.
  5034 | D:4      | Became a worshipper of Kikubaaqudgha
  5653 | D:4      | Reached skill level 1 in Necromancy
  5773 | D:4      | Reached skill level 9 in Conjurations
  6137 | D:5      | Entered Level 5 of the Dungeon
  6137 | D:5      | Found an opulent altar of Gozag.
  6277 | D:5      | Reached * piety under Kikubaaqudgha
  6277 | D:5      | Identified Kikubaaqudgha's Compendium of Sinister Rituals
                  | (Kikubaaqudgha gifted it to you on level 5 of the Dungeon)
  6277 | D:5      | Received a gift from Kikubaaqudgha
  6281 | D:5      | Learned a level 1 spell: Animate Skeleton
  6366 | D:5      | Reached XP level 8. HP: 44/44 MP: 3/15
  7010 | D:5      | Reached skill level 1 in Maces & Flails
  7185 | D:5      | Found a basalt altar of Yredelemnul.
  7389 | D:6      | Reached skill level 5 in Spellcasting
  7606 | D:6      | Found a staircase to the Ecumenical Temple.
  7618 | Temple   | Entered the Ecumenical Temple
  8123 | D:6      | Reached skill level 1 in Evocations
  8123 | D:6      | Reached XP level 9. HP: 11/49 MP: 3/17
  8411 | D:6      | Reached ** piety under Kikubaaqudgha
  8911 | D:7      | Found a hazy altar of Hepliaklqana.
  9743 | D:6      | Reached skill level 5 in Necromancy
 10073 | D:7      | Reached *** piety under Kikubaaqudgha
 10073 | D:7      | Identified Kikubaaqudgha's Compendium of Evil Secrets
                  | (Kikubaaqudgha gifted it to you on level 7 of the Dungeon)
 10073 | D:7      | Received a gift from Kikubaaqudgha
 10081 | D:7      | Learned a level 5 spell: Bolt of Draining
 10162 | D:7      | Reached skill level 10 in Conjurations
 10342 | D:7      | Reached XP level 10. HP: 43/56 MP: 11/19
 11263 | D:8      | Reached skill level 5 in Dodging
 12478 | D:8      | Found a staircase to the Lair.
 12710 | D:9      | Found a sparkling altar of Nemelex Xobeh.
 12714 | D:9      | Reached **** piety under Kikubaaqudgha
 13130 | D:9      | Reached skill level 11 in Conjurations
 13288 | D:9      | Found a staircase to the Orcish Mines.
 14167 | D:9      | Noticed a cyclops
 14167 | D:9      | Killed from afar by a vampire

Skill      XL: |  1  2  3  4  5  6  7  8  9 10 |
---------------+-------------------------------+-----
Conjurations   | 6 7 8 9 10 11 | 11.2
Spellcasting   | 3 4 5 6 |  6.8
Fighting       | 1 2 3 4 |  4.6
Translocations | 1 2 3 4 |  4.3
Necromancy     | 2 3 5 7 |  7.0
Dodging        | 3 4 5 |  5.6
Maces & Flails | 2 3 4 |  4.1
Evocations     | 1 2 3 |  3.9
Stealth        | |  2.0

Action                   |  1- 3 |  4- 6 |  7- 9 | 10-12 || total
-------------------------+-------+-------+-------+-------++-------
Melee: Flail             |       |       |     2 |    22 ||    24
       Peck              |       |       |     1 |     7 ||     8
       Kick              |       |       |     1 |     3 ||     4
Throw: Stone             |     1 |     3 |     1 |       ||     5
 Cast: Magic Dart        |    59 |    21 |    64 |    51 ||   195
       Searing Ray       |     8 |    32 |    65 |    54 ||   159
       Iskenderun's Myst |       |     1 |    31 |    25 ||    57
       Force Lance       |       |       |       |     3 ||     3
 Abil: Fly               |       |       |     1 |       ||     1
Evoke: Wand              |       |       |     2 |       ||     2
  Use: Scroll            |       |       |     7 |     2 ||     9
  Eat: Chunk             |     3 |    11 |    23 |    14 ||    51
Armor: Robe              |     1 |     3 |    12 |     4 ||    20
Dodge: Dodged            |     8 |    23 |    84 |    94 ||   209
